 Dungeon Crawl Stone Soup version 0.22-a0-240-g539252a (webtiles) character file.

9 mortelune the Chiller (level 2, 19/19 HPs)
             Began as a Demonspawn Ice Elementalist on Feb 21, 2018.
             Quit the game on level 1 of the Dungeon.
             The game lasted 00:01:00 (685 turns).

mortelune the Chiller (Demonspawn Ice Elementalist)  Turns: 685, Time: 00:01:00

Health: 19/19      AC:  2    Str:  8    XL:     2   Next: 6%
Magic:  5/5        EV: 12    Int: 16    God:
Gold:   13         SH:  0    Dex: 13    Spells: 4/5 levels left

rFire    . . .     SeeInvis .   c - +0 mace
rCold    + . .     Gourm    .   (no shield)
rNeg     . . .     Faith    .   a - +0 robe
rPois    .         Spirit   .   (helmet restricted)
rElec    .         Reflect  .   (no cloak)
rCorr    .         Harm     .   (no gloves)
MR       .....                  (no boots)
Stlth    ++........             (no amulet)
HPRegen  0.06/turn              d - ring of protection from cold
MPRegen  0.09/turn              (no ring)

@: no status effects
A: antennae 1
a: no special abilities


You were on level 1 of the Dungeon.
You were not hungry.

You visited 1 branch of the dungeon, and saw 1 of its levels.

You collected 13 gold pieces.

Inventory:

Hand Weapons
 c - a +0 mace (weapon)
Armour
 a - a +0 robe (worn)
Jewellery
 d - a ring of protection from cold (left hand)
Scrolls
 g - a scroll of identify {unknown}
Potions
 e - a potion of cancellation {unknown}
 f - 2 potions of ambrosia {unknown}
Comestibles
 b - a ration
 h - a chunk of flesh


   Skills:
 + Level 2.0 Dodging
 - Level 1.7 Stealth
 + Level 2.1 Spellcasting
   Level 1.0 Conjurations
 * Level 3.0 Ice Magic


You had 4 spell levels left.
You knew the following spells:

 Your Spells              Type           Power        Failure   Level  Hunger
a - Freeze                Ice            ##..         6%          1    #......


Dungeon Overview and Level Annotations

Branches:
Dungeon (1/15)

Altars:


Innate Abilities, Weirdness & Mutations

You have a pair of small antennae on your head.


Message History

Casting: Freeze (safe; 6% risk of failure)
Confirm with . or Enter, or press ? or * to list all spells.
Aiming: Freeze (safe; 6% risk of failure)
Press: ? - help, Shift-Dir - straight line, f/p - dart slug
Aim: a dart slug (severely wounded, clinging)
You freeze the dart slug.
You kill the dart slug!
Your Dodging skill increases to level 2!
Your Ice Magic skill increases to level 3!
You have reached level 2!
Your demonic ancestry asserts itself...
A pair of antennae grows on your head!
You start resting.
Magic restored.
You start resting.
HP restored.
You butcher the dart slug corpse.
h - a chunk of flesh
Found 20 poisoned needles.
Are you sure you want to abandon this character and quit the game? (Confirm with "yes".)

...# #..# ### #..###
##.##
####....#####.#.######
#(...........###......
........#####.#.######
#. #..# ##...##
#..#.##.@# #.....#
#........# ##...## ##
.###.#.## ##.## #.
#.#.# #.# #. #.###.#.#
#.# #. #.......# ##'##
###. #####.### ##...##
#... #####.###
##.....###.# #.......#
##.......##.#.


There were no monsters in sight!

Vanquished Creatures
  A dart slug (D:1)
  A giant cockroach (D:1)
  A goblin (D:1)
  A hobgoblin (D:1)
  A kobold (D:1)
  A bat (D:1)
  A rat (D:1)
7 creatures vanquished.

Notes
Turn   | Place    | Note
-------+----------+-------------------------------------------
     0 | D:1      | mortelune the Demonspawn Ice Elementalist began the quest for the Orb.
     0 | D:1      | Reached XP level 1. HP: 13/13 MP: 3/3
   555 | D:1      | Reached skill level 3 in Ice Magic
   555 | D:1      | Gained mutation: You have a pair of small antennae on your head. [demonic ancestry]
   555 | D:1      | Reached XP level 2. HP: 12/19 MP: 1/5
   685 | D:1      | Quit the game

Vault maps used:
D:1:      tarquinn_simple_flora_water_a, minmay_tall_x

Skill      XL: |  1 |
---------------+----+-----
Dodging        | 2 |  2.0
Ice Magic      | 3 |  3.0
Stealth        | |  1.7
Spellcasting   | |  2.1
Conjurations   | |  1.0

Action                   || total
-------------------------++-------
Melee: Mace              ||     7
 Cast: Freeze            ||    13
Armor: Robe              ||     5
Dodge: Dodged            ||    10

Table legend:
 A = Spawn XP
 B = Non-spawn XP
 C = Spawn XP percentage of total XP
 D = Spawn monster count
 E = Non-spawn monster count
 F = Spawn count percentage of total count
 G = Total turns spent on level
                    A         B        C        D         E        F      G
               +---------+---------+-------+---------+---------+-------+---------
         Total |       0 |      14 |   0.0 |       0 |       7 |   0.0 |   685
               +---------+---------+-------+---------+---------+-------+---------
           D:1 |       0 |      14 |   0.0 |       0 |       7 |   0.0 |   685
               +---------+---------+-------+---------+---------+-------+---------
